 Dungeon Crawl Stone Soup version 0.27.1 (webtiles) character file.

Game seed: 3011792246108116314

28 Sabo the Skirmisher (level 3, -5/29 HPs)
             Began as a Demonspawn Fighter on Aug 28, 2021.
             Slain by Sigmund (7 damage)
             ... on level 2 of the Dungeon.
             The game lasted 00:07:38 (1912 turns).

Sabo the Skirmisher (Demonspawn Fighter)            Turns: 1912, Time: 00:07:38

Health: -5/29      AC:  6    Str: 17    XL:     3   Next: 0%
Magic:  0/3        EV:  7    Int:  9    God:
Gold:   42         SH:  8    Dex: 12    Spells: 2/2 levels left

rFire    . . .     SeeInvis .   a - +0 war axe
rCold    . . .     Faith    .   c - +0 kite shield
rNeg     . . .     Spirit   +   b - +0 scale mail
rPois    .         Reflect  .   (no helmet)
rElec    .         Harm     .   (no cloak)
rCorr    +         Rampage  .   (no gloves)
Will     .....                  (no boots)
Stlth    ..........             (no amulet)
HPRegen  0.09/turn              m - ring of resist corrosion
MPRegen  0.16/turn              (no ring)

@: no status effects
A: magic shield, magic regeneration
a: no special abilities


You were on level 2 of the Dungeon.
You visited 1 branch of the dungeon, and saw 2 of its levels.

You collected 42 gold pieces.

Inventory:

Hand Weapons
 a - a +0 war axe (weapon)
Missiles
 g - 24 sling bullets
 i - 30 arrows
 o - a throwing net (quivered)
Armour
 b - a +0 scale mail (worn)
 c - a +0 kite shield (worn)
Jewellery
 m - a ring of resist corrosion (left hand)
Scrolls
 f - a scroll of torment {unknown}
 h - a scroll of enchant armour {unknown}
 n - a scroll of amnesia {unknown}
Potions
 d - a potion of might
 e - a potion of berserk rage {unknown}
 j - a potion of heal wounds {unknown}
 k - a potion of curing {unknown}
 l - 2 potions of brilliance {unknown}


   Skills:
 + Level 3.2 Fighting
 + Level 2.3 Axes
 + Level 3.1 Armour
 + Level 2.8 Shields


You had 2 spell levels left.
You didn't know any spells.
Your spell library was empty.

Dungeon Overview and Level Annotations

Branches:
Dungeon (2/15)

Altars:

Shops:
D:1 (

Annotations:
D:2 Sigmund


Innate Abilities, Weirdness & Mutations

When hurt, damage is shared between your health and your magic reserves.
You regenerate magic rapidly.


Message History

You kill the giant cockroach!
You have reached level 3!
Your experience leads to an increase in your attributes!
Increase (S)trength, (I)ntelligence, or (D)exterity?
You feel stronger.
Your demonic ancestry asserts itself...
You feel your magical essence form a protective shroud around your flesh.
Found a stone staircase leading down.
i - 30 arrows (gained 15)
You open the door.
Sigmund the Dreaded comes into view.
He is wielding a +0 scythe.
Sigmund shouts!
Sigmund casts a spell.
Sigmund flickers and vanishes!
Deactivating autopickup; reactivate with Ctrl-A.
There is an open door here.
There is an open door here.
A magic dart appears from out of thin air!
The magic dart hits you.
A magic dart appears from out of thin air!
The magic dart hits you!
A magic dart appears from out of thin air!
The magic dart hits you! Something hits you but does no damage.
You closely miss something. Something hits you.
You miss something. You block something's attack.
You hear some strange, mumbled words.
A puff of flame appears from out of thin air!
The puff of flame hits you.
You miss something. You block something's attack.
You closely miss something. You block something's attack.
You miss something. Something hits you but does no damage.
You closely miss something.
You hear some strange, mumbled words.
Something tries to affect you, but you resist.
Something hits you but does no damage.
You barely miss something. Something hits you!
* * * LOW HITPOINT WARNING * * *
You miss something. Something hits you but does no damage.
You barely miss something. Something hits you!
You die...

###########
#.....@{..#
##
#.#######.#
.. #.# #.#
.. #.# #.#
###. #.#
###'###
#... #.#
#.....# #..
#.# #.....#
#..####.#
#.....#
#.......###
#.......


There were no monsters in sight!

Vanquished Creatures
  A dart slug (D:1)
  2 ball pythons
  5 bats
  3 endoplasms
  A giant cockroach (D:2)
  4 goblins
  A hobgoblin (D:1)
  2 kobolds
  A quokka (D:2)
  2 frilled lizards (D:1)
  A rat (D:1)
23 creatures vanquished.

Notes
Turn   | Place    | Note
-------+----------+-------------------------------------------
     0 | D:1      | Sabo the Demonspawn Fighter began the quest for the Orb.
     0 | D:1      | Reached XP level 1. HP: 18/18 MP: 1/1
   474 | D:1      | Found Yzaguj's Weapon Shop.
   622 | D:1      | Gained mutation: You regenerate magic rapidly. [demonic
                  | ancestry]
   622 | D:1      | Reached XP level 2. HP: 19/24 MP: 2/2
  1852 | D:2      | Gained mutation: When hurt, damage is shared between your
                  | health and your magic reserves. [demonic ancestry]
  1852 | D:2      | Reached XP level 3. HP: 29/29 MP: 3/3
  1886 | D:2      | Noticed Sigmund
  1910 | D:2      | HP: 1/29 [something (8)]
  1912 | D:2      | Slain by Sigmund

Illustrated notes

Levels and vault maps discovered:
D:1:      dpeg_chamrin_arrival_tetris, layout_loops_corners, serial_shops, shop,
          corner_web_ring, grunt_decor_one_mirror
D:2:      layout_basic, minivault_19, corexii_shack, minmay_tetromino_s2,
          uniq_sigmund

Skill      XL: |  1  2 |
---------------+-------+-----
Axes           | 2 |  2.3
Armour         | 3 |  3.1
Fighting       | |  3.2
Shields        | |  2.8

Action                   || total
-------------------------++-------
Melee: War axe           ||    90
Armor: Scale mail        ||    61
Dodge: Dodged            ||    32
Block: Kite shield       ||    45
